 Dungeon Crawl Stone Soup version 0.24.0-13-gcf9b319 (webtiles) character file.

Game seed: 4733258965052762434, levelgen mode: deterministic

10210 CBukowski the Cleaver (level 11, 0/95 HPs)
             Began as a Minotaur Fighter on Nov 11, 2019.
             Was an Elder of Okawaru.
             Slain by a ten-headed hydra (1 damage)
             ... on level 12 of the Dungeon.
             The game lasted 01:00:33 (10933 turns).

CBukowski the Cleaver (Minotaur Fighter)           Turns: 10933, Time: 01:00:35

Health: 0/95       AC: 19    Str: 24    XL:     11   Next: 33%
Magic:  10/10      EV:  8    Int:  5    God:    Okawaru [****..]
Gold:   389        SH:  0    Dex: 10    Spells: 10/10 levels left

rFire    . . .     SeeInvis .   J - +0 battleaxe
rCold    . . .     Gourm    .   (shield currently unavailable)
rNeg     . . .     Faith    .   h - +1 plate armour
rPois    .         Spirit   .   (helmet restricted)
rElec    .         Reflect  .   n - +0 cloak
rCorr    +         Harm     .   (no gloves)
MR       .....                  (no boots)
Stlth    ..........             c - amulet of regeneration
HPRegen  0.65/turn              m - +2 ring of protection
MPRegen  0.12/turn              q - ring of resist corrosion

@: about to teleport
A: retaliatory headbutt, horns 2
a: Heroism, Renounce Religion


You were on level 12 of the Dungeon.
You worshipped Okawaru.
Okawaru was greatly pleased with you.
You were hungry.

You visited 2 branches of the dungeon, and saw 13 of its levels.

You collected 443 gold pieces.
You spent 54 gold pieces at shops.

Inventory:

Hand Weapons
 a - a +0 war axe
 J - a +0 battleaxe (weapon)
Missiles
 e - 2 curare-tipped darts (quivered)
 t - 47 poisoned darts
 z - 7 boomerangs
Armour
 h - a +1 plate armour (worn)
 n - a +0 cloak (worn)
 y - a +0 buckler
 D - a +2 shield of poison resistance
Jewellery
 c - an amulet of regeneration (around neck)
 l - an uncursed amulet of harm
 m - a +2 ring of protection (left hand)
 q - a ring of resist corrosion (right hand)
 K - an uncursed ring of fire
Wands
 v - a wand of paralysis (8)
 I - a wand of flame (36)
Scrolls
 b - a scroll of brand weapon {unknown}
 d - 4 scrolls of noise
 g - a scroll of amnesia
 j - 6 scrolls of teleportation
 k - 3 scrolls of fog {unknown}
 o - 2 scrolls of enchant weapon {unknown}
 p - 3 scrolls of remove curse {unknown}
 w - 2 scrolls of identify
 E - a scroll of magic mapping {unknown}
 F - 2 scrolls of blinking {unknown}
Potions
 i - a potion of mutation {unknown}
 r - a potion of invisibility {unknown}
 s - 4 potions of haste
 x - a potion of ambrosia
 A - 3 potions of magic {unknown}
 B - 2 potions of flight
 C - a potion of might
 H - a potion of lignification
Comestibles
 f - 18 rations
 L - 7 chunks of flesh


   Skills:
 + Level 8.7 Fighting
 * Level 14.5 Axes
 + Level 10.1 Armour
 + Level 2.1 Dodging
 + Level 0.4 Stealth
 - Level 9.3 Shields


You had 10 spell levels left.
You didn't know any spells.
Your spell library was empty.

Dungeon Overview and Level Annotations

Branches:
Dungeon (12/15)            Temple (1/1) D:7
   Lair: D:8-11         Orc: D:9-12

Altars:
Ashenzari
Dithmenos
Elyvilon
Fedhas
Hepliaklqana
Makhleb
Nemelex Xobeh
Okawaru
Sif Muna
Trog
Vehumet
Wu Jian
Yredelemnul
Zin

Shops:
D:7 *   D:8 *

Annotations:
D:12 Kirke


Innate Abilities, Weirdness & Mutations

You reflexively headbutt those who attack you in melee.
You have a pair of horns on your head.


Message History

The ten-headed hydra bites you!
* * * LOW HITPOINT WARNING * * *
The ten-headed hydra bites you.
* * * LOW HITPOINT WARNING * * *
The ten-headed hydra bites you!
* * * LOW HITPOINT WARNING * * *
The ten-headed hydra bites you but does no damage.
The ten-headed hydra bites you.
* * * LOW HITPOINT WARNING * * *
The ten-headed hydra completely misses you.
The ten-headed hydra bites you but does no damage.
As you read the scroll labeled GOMISU CULIS, it crumbles to dust.
It is a scroll of enchant armour.
Your +0 plate armour glows green for a moment.
The hog bites you but does no damage. The ten-headed hydra bites you!
* * * LOW HITPOINT WARNING * * *
The ten-headed hydra bites you.
* * * LOW HITPOINT WARNING * * *
The ten-headed hydra bites you.
You die...

######################
...O...Oh.oD.h........
.#####h#####.######.#
#o# #.# .# #D# #(# .#
#@# #D# .# #h#####.#
.# huh.....# .#
h@.#####.# l### ....#
#.######.... .....#
#....[.<.# .h....#
#.######.# .......#
#.# D# #.# .#


You could see Kirke (inner flame), a ten-headed hydra (inner flame), a cyan ugly
thing (inner flame), 5 hogs, an ogre (inner flame), 2 howler monkeys and an orc
(inner flame).

Vanquished Creatures
  A two-headed ogre (D:11)
  A gargoyle (D:11)
  3 trolls
  4 hippogriffs
  3 wraiths
  10 yaks
  2 wyverns (D:11)
  A basilisk (D:11)
  A hungry ghost (D:9)
  3 orc warriors
  3 ice beasts
  4 sky beasts
  2 black bears
  2 necrophages
  6 ogres
  3 phantoms
  4 centaurs
  A crocodile (D:11)
  A big kobold (D:11)
  7 bullfrogs
  17 killer bees
  2 scorpions
  5 wights
  2 howler monkeys
  A centaur zombie (D:11)
  4 jellies
  3 crimson imps
  3 hounds
  10 orc wizards
  8 orc priests
  A bullfrog skeleton (D:5)
  4 iguanas
  9 worker ants
  A killer bee zombie (D:5)
  A hound skeleton (D:4)
  A worker ant zombie (D:10)
  3 howler monkey skeletons
  15 adders
  5 shadow imps
  An ooze (D:3)
  2 adder zombies (D:7)
  An adder skeleton (D:8)
  2 worms
  3 leopard geckos
  37 orcs
  2 ball pythons
  6 giant cockroaches
  3 goblins
  6 hobgoblins
  11 jackals
  5 quokkas
  5 bats
  6 frilled lizards
  A jackal skeleton (D:7)
  4 kobolds
  A quokka zombie (D:6)
  11 rats
  3 plants (D:2)
267 creatures vanquished.

Notes
Turn   | Place    | Note
-------+----------+-------------------------------------------
     0 | D:1      | CBukowski the Minotaur Fighter began the quest for the Orb.
     0 | D:1      | Reached XP level 1. HP: 19/19 MP: 0/0
     6 | D:1      | Noticed an iguana
     6 | D:1      | Noticed a queen ant
     6 | D:1      | Noticed a centaur
   358 | D:1      | Reached XP level 2. HP: 27/27 MP: 1/1
  1168 | D:2      | Reached XP level 3. HP: 30/33 MP: 2/2
  1211 | D:2      | Reached skill level 3 in Axes
  1543 | D:2      | Noticed a phantom
  1571 | D:2      | Killed a phantom
  1571 | D:2      | Reached XP level 4. HP: 34/40 MP: 3/3
  1571 | D:2      | Reached XP level 5. HP: 39/46 MP: 4/4
  1758 | D:3      | Reached skill level 4 in Axes
  2039 | D:3      | Reached skill level 5 in Shields
  2426 | D:4      | Reached skill level 5 in Armour
  2597 | D:4      | Reached XP level 6. HP: 53/53 MP: 5/5
  2636 | D:4      | Found a basalt altar of Yredelemnul.
  2704 | D:4      | Noticed a sky beast
  2718 | D:4      | Killed a sky beast
  2756 | D:4      | Reached skill level 5 in Axes
  2765 | D:4      | Reached skill level 1 in Dodging
  2765 | D:4      | Reached XP level 7. HP: 23/60 MP: 3/6
  3201 | D:4      | Reached skill level 5 in Fighting
  3332 | D:5      | Entered Level 5 of the Dungeon
  3361 | D:5      | Reached skill level 6 in Axes
  3375 | D:5      | Paralysed by an orc for 6 turns
  3383 | D:5      | Paralysed by an orc for 5 turns
  3388 | D:5      | HP: 3/61 [orc/+0 mace (3)]
  4357 | D:6      | Reached skill level 7 in Axes
  4367 | D:6      | HP: 3/61 [killer bee (2)]
  4368 | D:6      | Reached XP level 8. HP: 4/68 MP: 1/7
  4778 | D:6      | Found a burning altar of Makhleb.
  5189 | D:6      | Reached skill level 8 in Axes
  5503 | D:6      | You fall into a shaft and drop 1 floor!
  5505 | D:7      | Noticed a troll
  5533 | D:7      | Killed a troll
  5533 | D:7      | Reached skill level 9 in Axes
  5540 | D:7      | Reached XP level 9. HP: 14/75 MP: 2/8
  6028 | D:7      | Reached skill level 10 in Axes
  6144 | D:7      | Found an ornate altar of the Wu Jian Council.
  6203 | D:7      | Found a staircase to the Ecumenical Temple.
  6218 | Temple   | Entered the Ecumenical Temple
  6245 | Temple   | Became a worshipper of Warmaster Okawaru
  6365 | D:7      | Found Azellyro's Assorted Antiques.
  6395 | D:7      | Bought a scroll of identify for 54 gold pieces
  6744 | D:8      | Found a glowing silver altar of Zin.
  6904 | D:8      | Reached * piety under Okawaru
  7183 | D:8      | Found Logaraang's Assorted Antiques.
  7378 | D:8      | Noticed a two-headed ogre
  7615 | D:9      | Reached XP level 10. HP: 33/86 MP: 9/9
  7758 | D:9      | Found a shattered altar of Ashenzari.
  7799 | D:9      | Reached skill level 11 in Axes
  8041 | D:9      | Reached ** piety under Okawaru
  8197 | D:9      | Reached skill level 12 in Axes
  8623 | D:9      | Reached *** piety under Okawaru
  8984 | D:10     | Entered Level 10 of the Dungeon
  9005 | D:10     | Reached skill level 13 in Axes
  9984 | D:11     | Noticed a two-headed ogre
 10184 | D:11     | Reached XP level 11. HP: 84/95 MP: 10/10
 10264 | D:11     | Killed a two-headed ogre
 10264 | D:11     | Reached **** piety under Okawaru
 10315 | D:11     | Reached skill level 14 in Axes
 10596 | D:11     | Reached skill level 10 in Armour
 10758 | D:11     | Got a slimy ring mail
 10761 | D:11     | Identified the cursed +1 ring mail of Greater Demons {rN+}
                  | (You found it on level 11 of the Dungeon)
 10866 | D:11     | Noticed an eight-headed hydra
 10927 | D:12     | Noticed a cyan ugly thing
 10929 | D:12     | Noticed Kirke
 10933 | D:12     | HP: 1/95 [ten-headed hydra (5)]
 10933 | D:12     | Slain by a ten-headed hydra

Levels and vault maps discovered:
D:1:      onia_arrival_zoo_common, layout_basic, minmay_hedge_maze,
          patterned_corridor
D:2:      wad_lake_hut, layout_loops_ring, minmay_worlds_worst_comb
D:3:      layout_basic, minmay_misc_feat_plants
D:4:      layout_cave_pools, yredelemnul_altar_generic
D:5:      layout_rooms, first_ration
D:6:      layout_layer_cave, basic_altar, hangedman_minor_gate_pass
D:7:      layout_basic, overflow_temple_1_default,
          minmay_temple_entry_drinking_statues, enter_bailey_6, serial_shops,
          shop
D:8:      layout_basic, basic_altar, serial_shops, nicolae_shop_statue_plus
D:9:      layout_basic, basic_altar
D:10:     layout_loops_corners
D:11:     layout_cave_pools, lair_entry_dummy, blue_anna_alchemist
          [blue_anna_fruit_fields, blue_anna_fruit_fields],
          minmay_fractal_squares_gapless_5
D:12:     layout_small_grid, orc_0_dummy, serial_shops, shop,
          minmay_hollow_rounded_squares, uniq_kirke
Temple:   compressed_dpeg_circular_temple

Skill      XL: |  1  2  3  4  5  6  7  8  9 10 11 |
---------------+----------------------------------+-----
Shields        | 4 5 6 7 9 |  9.3
Armour         | 4 5 6 7 8 9 10 | 10.1
Fighting       | 4 5 6 7 8 |  8.7
Axes           | 3 4 5 7 9 10 13 14 | 14.5
Dodging        | 1 2 |  2.1
Stealth        | |  0.4

Action                   |  1- 3 |  4- 6 |  7- 9 | 10-12 || total
-------------------------+-------+-------+-------+-------++-------
Melee: War axe           |   149 |   108 |   356 |       ||   613
       Headbutt          |    33 |    21 |    71 |    61 ||   186
       Battleaxe         |       |       |    39 |   280 ||   319
Invok: Heroism           |       |       |       |     1 ||     1
  Use: Scroll            |       |     2 |     7 |     8 ||    17
       Potion            |       |     1 |     8 |     1 ||    10
  Eat: Chunk             |     2 |     1 |     4 |     5 ||    12
       Ration            |       |     1 |     4 |     4 ||     9
Armor: Plate armour      |    62 |    73 |   216 |   244 ||   595
       Skin              |       |    10 |     7 |       ||    17
Dodge: Dodged            |    16 |    13 |    94 |   157 ||   280
Block: Shield            |    51 |    60 |   239 |       ||   350
